[Event "Mitropa Cup Open 2024"]
[Site "Apolda"]
[Date "2024.02.21"]
[Round "7.5"]
[White "Vykouk, Jan"]
[Black "Plenca, Jadranko"]
[Result "1/2-1/2"]
[ECO "C54"]
[WhiteElo "2493"]
[BlackElo "2429"]
[Annotator "TA"]
[PlyCount "101"]
[EventDate "2024.02.15"]
[EventType "team-tourn"]
[EventCountry "GER"]
[SourceTitle "playchess.com"]
[Source "ChessBase"]
[SourceQuality "1"]
[WhiteTeam "Czech Republic"]
[BlackTeam "Croatia"]
[WhiteTeamCountry "CZE"]
[BlackTeamCountry "CRO"]
[TimeControl "40/5400+30:1800+30"]

1. e4 e5 2. Nf3 Nc6 3. Bc4 Bc5 4. d3 Nf6 5. O-O O-O 6. Re1 h6 7. h3 d6 8. c3 a5 9. Nbd2 Be6 10. Bb5 Qb8 11. Nf1 Qa7 12. Re2 a4 13. Ng3 Qa5 14. Bxc6 bxc6 15. Bd2 Qb5 16. c4 Qb6 17. Rc1 Nd7 18. Bc3 Rfb8 19. a3 (19. d4 $14 exd4 20. Nxd4) 19... Rb7 (19... f6 $11) 20. Rcc2 ({White should try} 20. d4 $14 exd4 21. Nxd4) 20... Rab8 (20... Re8 $11 {keeps the balance.}) 21. Kh2 (21. d4 $16 exd4 22. Nxd4) 21... Qa7 ({Black should play} 21... Bd4 $11) 22. Nf5 $14 Bxf5 23. exf5 Bd4 24. Bxd4 exd4 25. Re7 Nf6 26. Qe2 {[%emt 0:08:23][%cal Oc4c5] White is more active.} Qc5 27. Nh4 (27. g4 $14) 27... d5 $36 {[%emt 0:03:55][%mdl 2048] aiming for ...Qd6+. Black has some pressure.} 28. Qe5 {[%emt 0:16:20] Nf3 would now be deadly.} Qd6 $1 29. Nf3 {[%emt 0:07:13] [#]} (29. Qxd6 $11 {was the only way to keep the balance.} cxd6 30. Rxb7 Rxb7 31. c5 dxc5 32. Rxc5) 29... Rxb2 $2 (29... c5 $1 $17 30. Qxd6 cxd6 31. Rxb7 Rxb7 32. cxd5 Nxd5) 30. Rxb2 $16 Rxb2 {[%emt 0:00:05] [#]} 31. Rxc7 (31. c5 $1 $16 Qxe5+ (31... Qxc5 32. Qxc7 Qc1 33. Rxf7 $14) 32. Nxe5) 31... Qxe5+ $11 (31... Qxa3 32. Rc8+ Kh7 33. Qc7 $18) 32. Nxe5 {[%emt 0:00:06] And now c5 would win.} dxc4 (32... Rxf2 $2 {is the wrong capture.} 33. c5 $18) 33. Nxc4 $17 {[%emt 0:07:57][%mdl 4096] Endgame. KRN-KRN} Rb3 (33... Rxf2 $11 {remains equal.} 34. Rxc6 Nd5 (34... Rxf5 35. Ra6 $11)) 34. Rc8+ Kh7 35. Rxc6 (35. Nd6 $14 {might be stronger.}) 35... Rxd3 $11 {[%emt 0:00:06] ...Rc3 is the strong threat.} 36. Ra6 Rc3 37. Rxa4 Rc2 38. Ne5 Rxf2 39. Rxd4 Rxf5 40. Nxf7 Ra5 41. a4 Nd5 $1 {[%emt 0:04:09] The position is equal.} 42. Nd8 Nb6 43. Ne6 Rxa4 44. Rd8 {[%emt 0:00:00] Threatens to win with Nf8+.} Ra8 45. Rd6 Rb8 46. h4 Kg8 47. h5 Rb7 48. Rc6 Kh7 49. g4 (49. Nc5 $5 Rb8 $8 50. Rc7 $14) 49... Nd7 50. Rc8 Nf6 51. Nf8+ {[%emt 0:00:29] Weighted Error Value: White=0.20 (precise) /Black=0.24 (precise) .  Mistake:       	White=7     	Black=5      Inaccurate:     	White=1     	Black=4      OK:         	White=11    	Black=19     Best:        	---       	Black=3      Strong:       	---       	Black=2} 1/2-1/2

[Event "Mitropa Cup Open 2024"]
[Site "Apolda"]
[Date "2024.02.21"]
[Round "7.6"]
[White "Ivekovic, Bozidar"]
[Black "Stalmach, Richard"]
[Result "1-0"]
[ECO "B43"]
[WhiteElo "2399"]
[BlackElo "2433"]
[Annotator "RC"]
[PlyCount "89"]
[EventDate "2024.02.15"]
[EventType "team-tourn"]
[EventCountry "GER"]
[SourceTitle "playchess.com"]
[Source "ChessBase"]
[SourceQuality "1"]
[WhiteTeam "Croatia"]
[BlackTeam "Czech Republic"]
[WhiteTeamCountry "CRO"]
[BlackTeamCountry "CZE"]
[TimeControl "40/5400+30:1800+30"]

1. e4 c5 2. Nf3 e6 3. d4 cxd4 4. Nxd4 a6 5. Nc3 b5 6. Bd3 Bb7 7. O-O Nc6 8. Nxc6 Bxc6 9. Qe2 Nf6 10. e5 b4 11. Ne4 Nxe4 12. Bxe4 Qb6 13. a3 Qb5 14. Qf3 Rc8 15. axb4 Qxe5 16. Bxc6 Rxc6 17. Ra5 Qf6 18. Qxf6 gxf6 19. c3 d5 20. Be3 Kd7 21. Rfa1 Bd6 22. Rxa6 Rxa6 23. Rxa6 e5 24. Kf1 Rc8 25. Ra5 Ke6 26. Bc5 Bxc5 27. Rxc5 Ra8 28. Ra5 Rb8 29. Ke2 Rb6 30. g4 Rd6 31. b5 Rd8 32. Ra6+ Ke7 33. b3 d4 34. c4 h5 35. h3 hxg4 36. hxg4 e4 37. c5 Rd5 38. Ra7+ Ke6 39. Rc7 d3+ 40. Kd2 Rd4 41. b6 Rb4 42. b7 Kd5 43. c6 Rxb3 44. Rc8 Rb2+ 45. Kc3 1-0

[Event "Mitropa Cup Open 2024"]
[Site "Apolda"]
[Date "2024.02.21"]
[Round "7.7"]
[White "Gnojek, Petr"]
[Black "Tomulic, Teo"]
[Result "1/2-1/2"]
[ECO "D63"]
[WhiteElo "2428"]
[BlackElo "2386"]
[Annotator "TA"]
[PlyCount "129"]
[EventDate "2024.02.15"]
[EventType "team-tourn"]
[EventCountry "GER"]
[SourceTitle "playchess.com"]
[Source "ChessBase"]
[SourceQuality "1"]
[WhiteTeam "Czech Republic"]
[BlackTeam "Croatia"]
[WhiteTeamCountry "CZE"]
[BlackTeamCountry "CRO"]
[TimeControl "40/5400+30:1800+30"]

1. d4 Nf6 2. c4 e6 3. Nf3 d5 4. Nc3 c6 5. Bg5 Nbd7 6. e3 h6 7. Bh4 Be7 8. Rc1 O-O 9. Bd3 dxc4 10. Bxc4 c5 11. O-O cxd4 {[%emt 0:02:16] D63: Queen's Gambit Declined: Classical: 7 Rc1.} 12. Qxd4 $146 ({Predecessor:} 12. Nxd4 Nb6 13. Bb3 e5 14. Nf3 e4 15. Nd4 Re8 16. h3 Bd7 17. Qe2 Bd6 18. Ndb5 Bxb5 19. Nxb5 Be5 20. Bg3 Bxg3 21. fxg3 {0-1 Laurusas,T (2573)-Mitusov,S (2415) Riga Tech op 11th 2022 (4)}) 12... Nb6 13. Be2 Qxd4 14. Nxd4 Bd7 15. Rfd1 Rac8 16. Bf3 g5 17. Bg3 Nfd5 18. Nf5 exf5 19. Bxd5 Bc6 20. Bxc6 Rxc6 21. Nb5 Rxc1 22. Rxc1 Bf6 23. h4 Rd8 24. hxg5 hxg5 25. b3 Nd5 26. e4 (26. Nxa7 f4 (26... Nc3 $2 27. Kf1 $19) 27. exf4 gxf4 28. Bxf4 (28. Bh2 Nc3 $17) 28... Nxf4 $19) 26... fxe4 27. Re1 (27. Nd6 $15) 27... Bg7 ({Black should try} 27... Be7 $1 $17 {...f5 is the strong threat.} 28. Be5 (28. Rxe4 f5 $11) 28... e3 29. fxe3 a6) 28. Nd6 $11 Nc3 29. a4 b6 30. Kh2 Rd7 31. Kh3 {[%emt 0:01:01] [#]} (31. Nxe4 Nxe4 32. Rxe4 f5 $17) (31. Kg1 $1 $15) 31... Kh7 (31... Bf8 $1 $17 32. Nf5 (32. Nxe4 $2 {loses.} Nxe4 33. Rxe4 f5 $19) 32... Rd3) 32. Nf5 (32. Nxe4 $11 Kg6 33. Nxc3 Bxc3 34. Re8) 32... Bf6 (32... Bf8 $17 33. Be5 Rd3+ 34. Kg4 Kg6 35. Bxc3 Rxc3 36. Rxe4 a5 (36... Rxb3 37. f4 $11)) 33. Kg4 $11 Rd3 34. Rh1+ Kg8 35. Re1 a6 36. Nd6 b5 37. axb5 axb5 38. Kf5 Be7 39. Nxe4 Rd5+ 40. Be5 Nxe4 41. Kxe4 Rd2 42. Bd4 Kh7 (42... g4 $11) 43. Kf5 (43. Rc1 $16 {aiming for Rc7.} Bd6 44. g4) 43... Rxd4 $11 44. Rxe7 Rf4+ 45. Kxg5 Rxf2 46. g4 Kg7 47. Rb7 Rf1 48. b4 Rf3 49. Rxb5 f6+ 50. Kh4 Kg6 51. Rb8 Rb3 52. Rb5 Kf7 53. Rb7+ Kg6 54. Rb8 Kf7 55. b5 Kg6 56. b6 Kg7 57. g5 Rb4+ 58. Kh5 fxg5 59. Kxg5 Kf7 $2 {[%emt 0:00:12] [#]} (59... Rb5+ $1 $14 60. Kf4 Kg6) 60. Kf5 $2 ({Only move:} 60. b7 $1 $18 {Rh8 would kill now.} Kg7 61. Kf5) 60... Ke7 $11 61. Ke5 Rb5+ 62. Kd4 Kd7 63. Kc4 Rh5 64. Rg8 Kc6 65. Rg6+ 1/2-1/2

[Event "Mitropa Cup Open 2024"]
[Site "Apolda"]
[Date "2024.02.21"]
[Round "7.8"]
[White "Novosel, Lovro"]
[Black "Nemec, Jachym"]
[Result "0-1"]
[ECO "B15"]
[WhiteElo "2373"]
[BlackElo "2393"]
[Annotator "RC"]
[PlyCount "78"]
[EventDate "2024.02.15"]
[EventType "team-tourn"]
[EventCountry "GER"]
[SourceTitle "playchess.com"]
[Source "ChessBase"]
[SourceQuality "1"]
[WhiteTeam "Croatia"]
[BlackTeam "Czech Republic"]
[WhiteTeamCountry "CRO"]
[BlackTeamCountry "CZE"]
[TimeControl "40/5400+30:1800+30"]

1. e4 c6 2. d4 d5 3. Nc3 dxe4 4. Nxe4 Nf6 5. Nxf6+ exf6 6. c3 Bd6 7. Bd3 O-O 8. Ne2 Re8 9. Qc2 h5 10. Bd2 Nd7 11. O-O-O Nf8 12. Ng3 Be6 13. Kb1 Rc8 14. Ne4 b5 15. h3 Bd5 16. Rhe1 Ne6 17. Be3 Bf8 18. f4 Qa5 19. a3 Qc7 20. g3 f5 21. Nc5 g6 22. Qf2 Nxc5 23. dxc5 Bg7 24. Bd4 Bb3 25. Bxg7 Kxg7 26. Bc2 Bd5 27. Re3 a5 28. b4 axb4 29. cxb4 Rcd8 30. Rde1 Rxe3 31. Qxe3 Be6 32. h4 Kh7 33. Kb2 Rd7 34. Kc3 Qd8 35. Qe5 Bc4 36. Re3 Rd2 37. a4 bxa4 38. Bxa4 Be6 39. Re2 Qd3# 0-1

[Event "Mitropa Cup Open 2024"]
[Site "Apolda"]
[Date "2024.02.21"]
[Round "7.9"]
[White "Moroni, Luca Jr"]
[Black "Sahidi, Samir"]
[Result "1-0"]
[ECO "D02"]
[WhiteElo "2601"]
[BlackElo "2478"]
[Annotator "TA"]
[PlyCount "99"]
[EventDate "2024.02.15"]
[EventType "team-tourn"]
[EventCountry "GER"]
[SourceTitle "playchess.com"]
[Source "ChessBase"]
[SourceQuality "1"]
[WhiteTeam "Italy"]
[BlackTeam "Slovakia"]
[WhiteTeamCountry "ITA"]
[BlackTeamCountry "SVK"]
[TimeControl "40/5400+30:1800+30"]

1. d4 Nf6 2. Nf3 e6 3. Bf4 b6 4. e3 Bb7 5. h3 Be7 6. Nbd2 O-O 7. Bd3 d5 8. O-O c5 9. c3 Nc6 10. Qe2 Bd6 11. Bxd6 Qxd6 12. dxc5 bxc5 13. e4 {[%emt 0:04:20] [#] Strongly threatening e5.} Ne5 14. Nxe5 {[%emt 0:09:01] The position is equal.} Qxe5 15. f4 Qc7 16. e5 Nd7 17. Nf3 Rfe8 18. Rae1 Nf8 19. h4 Qb6 {[%emt 0:13:23] [#] And now ...c4+ would win.} 20. Rf2 a5 21. Bb1 d4 22. c4 Bxf3 23. Qxf3 Qb4 {[%emt 0:05:00][%csl LRc4,LRe1] Black is weak on the light squares} 24. Rc1 a4 25. Be4 Ra7 26. a3 (26. g4 $14) 26... Qb8 27. h5 Qc7 28. Bc6 Rd8 29. Bb5 g6 30. Re1 Kg7 31. Qd3 Qe7 32. g3 gxh5 33. Rh2 h4 34. Rxh4 {[%emt 0:01:02] White has more active pieces.} Ng6 35. Rh5 h6 (35... Kg8 $16) 36. Kf2 Rb7 37. Reh1 (37. Bxa4 Rxb2+ 38. Kg1 Qa7 $17) 37... Rh8 38. Ke1 (38. Bxa4 $2 Rxb2+ 39. Bc2 Qa7 $19) 38... Qc7 39. R1h2 (39. Bxa4 $2 Qa5+ (39... Rxb2 $2 40. Kf1 $19) 40. b4 Qxa4 $19) 39... Ne7 40. g4 (40. Bxa4 $2 {too greedy.} Qa5+ 41. b4 Qxa4 $19) 40... Qa5+ $2 {[%emt 0:00:53][%mdl 8192] Loses the game.} (40... Nd5 $16) 41. Kd1 $18 Rxb5 42. cxb5 {[%emt 0:00:00] Threatens to win with f5.} Nd5 43. f5 {[%emt 0:00:00] Hoping for f6+.} Ne3+ 44. Ke2 exf5 45. gxf5 Qa8 46. R5h3 h5 47. f6+ (47. Rxh5 $2 {perishes.} Rxh5 48. Rf2 Qd5 49. f6+ Kf8 $19) 47... Kf8 48. Rxe3 (48. Rxh5 Rxh5 49. Rf2 Qd5 $19 (49... Rxe5 $2 50. Rf3 $19)) 48... dxe3 49. e6 Qb8 50. Rg2 {[%emt 0:00:00] Weighted Error Value: White=0.08 (flawless) /Black=0.41.  Loses game:     	---       	Black=1      Mistake:       	White=1     	Black=1      Inaccurate:     	White=1     	Black=6      OK:         	White=14    	Black=10     Best:        	White=4     	Black=2} 1-0

[Event "Mitropa Cup Open 2024"]
[Site "Apolda"]
[Date "2024.02.21"]
[Round "7.10"]
[White "Haring, Filip"]
[Black "Brunello, Sabino"]
[Result "0-1"]
[ECO "B90"]
[WhiteElo "2432"]
[BlackElo "2512"]
[Annotator "TA"]
[PlyCount "72"]
[EventDate "2024.02.15"]
[EventType "team-tourn"]
[EventCountry "GER"]
[SourceTitle "playchess.com"]
[Source "ChessBase"]
[SourceQuality "1"]
[WhiteTeam "Slovakia"]
[BlackTeam "Italy"]
[WhiteTeamCountry "SVK"]
[BlackTeamCountry "ITA"]
[TimeControl "40/5400+30:1800+30"]

1. e4 c5 2. Nf3 d6 3. d4 cxd4 4. Nxd4 Nf6 5. Nc3 a6 6. h3 e5 7. Nf3 Qc7 8. Bg5 Nbd7 9. a4 {[%emt 0:02:30] The position is equal.} h6 10. Be3 Nc5 11. Nd2 Be6 12. Be2 Be7 13. Bg4 O-O 14. O-O Rad8 15. Qe2 d5 16. exd5 Nxd5 17. Nxd5 Bxd5 18. Rfd1 (18. Bf3 $11 {remains equal.}) 18... f5 $17 {[%emt 0:06:11] Black is more active.} 19. Bh5 e4 20. b4 {[%emt 0:07:38] [#]} Nd7 21. c4 Be6 22. c5 {[%emt 0:00:34] White does not recover from this.} (22. Nb3 $17 {keeps fighting.}) 22... Nf6 $19 23. g3 Nd5 {[%emt 0:00:59] Wards off Bf4} 24. Nc4 Nxb4 25. Nd6 Nd3 26. Rdb1 (26. Rxd3 {was called for.} exd3 27. Qxd3 Bxd6 28. cxd6 Rxd6 (28... Qxd6 $2 29. Qxd6 Rxd6 30. Bc5 $17) 29. Qe2) 26... Bxd6 (26... Nxc5 27. Bxc5 Rxd6 (27... Bxd6 28. Bb6 $17) (27... Qxc5 28. Nxb7 Bc4 29. Qc2 $11) 28. Bxd6 Bxd6 29. Rc1 $17) 27. cxd6 Rxd6 {[%emt 0:00:10] [#] Hoping for ...f4.} 28. a5 Rc6 {[%emt 0:05:09] Strongly threatening ...f4.} 29. Bb6 (29. Qd2 $142) 29... Qd7 30. f3 (30. Rf1 $142) 30... Bd5 31. Rf1 Qd6 32. Qg2 Rfc8 {[%emt 0:00:39] aiming for ...Rc2.} 33. fxe4 Rc2 34. Rf2 Nxf2 35. exd5 Ne4 36. Qf3 Nxg3 {[%emt 0:00:40] Weighted Error Value: White=0.99/Black=0.13 (very precise) .  Mistake:       	White=5     	---        Inaccurate:     	White=3     	Black=1      OK:         	White=8     	Black=17     Best:        	White=1     	Black=1} (36... Ng5 $142 37. Bf7+ Nxf7 (37... Kxf7 38. Qxf5+ Kg8 39. Bf2 g6 40. Qxc8+ Rxc8 41. h4 Nh3+ 42. Kg2 Nxf2 43. Kxf2 Rc2+ 44. Kf3 Qxd5+ 45. Ke3 Qb3+ 46. Ke4 Qc4+ 47. Ke5 Re2+ 48. Kf6 Qf7#) 38. Bd4 Ng5 (38... Rc1+ $2 39. Rxc1 Rxc1+ 40. Kh2 $19) 39. Qb3 R8c4 (39... Nxh3+ $2 40. Kf1 $19) 40. Rf1 Qxd5 (40... Nxh3+ {leads to mate.} 41. Kh1 Qxd5+ 42. Rf3 Qxd4 43. Rf1 Nf2+ 44. Kg2 Ng4+ 45. Qxc2 Rxc2+ 46. Rf2 Rxf2+ 47. Kh3 Rh2#) 41. Rf2 Nxh3+ (41... Rxd4 $2 42. Qxd5+ Rxd5 43. Rxc2 $19) (41... Rc1+ {gets mated.} 42. Rf1 Nxh3+ 43. Kh2 Rxf1 44. Bg1 Rxg1 45. Qf3 Qxf3 46. Kxh3 Qxg3#) (41... Qxd4 {is a self mate.} 42. Qxc4+ Qxc4 43. Rxc2 Qxc2 44. h4 Nh3+ 45. Kh1 Qf2 46. h5 Qg1#) 42. Kh2 Nxf2 (42... Rxf2+ 43. Bxf2 Nxf2 44. Qb1) 43. Qxc4 Qxc4 44. Bb6 Ng4+ 45. Kg1 Rc1+ 46. Kg2 Qf1#) 0-1

[Event "Mitropa Cup Open 2024"]
[Site "Apolda"]
[Date "2024.02.21"]
[Round "7.11"]
[White "David, Alberto"]
[Black "Bochnicka, Vladimir"]
[Result "1/2-1/2"]
[ECO "D41"]
[WhiteElo "2525"]
[BlackElo "2398"]
[Annotator "TA"]
[PlyCount "135"]
[EventDate "2024.02.15"]
[EventType "team-tourn"]
[EventCountry "GER"]
[SourceTitle "playchess.com"]
[Source "ChessBase"]
[SourceQuality "1"]
[WhiteTeam "Italy"]
[BlackTeam "Slovakia"]
[WhiteTeamCountry "ITA"]
[BlackTeamCountry "SVK"]
[TimeControl "40/5400+30:1800+30"]

1. Nf3 d5 2. d4 Nf6 3. c4 e6 4. Nc3 c5 5. cxd5 cxd4 6. Qa4+ Bd7 7. Qxd4 exd5 8. Bg5 Be7 9. e3 O-O 10. Be2 Nc6 11. Qd3 Be6 12. O-O h6 13. Bh4 Qb6 14. a3 Rfd8 15. Rfd1 a6 16. b4 Rac8 17. h3 Qa7 18. Rab1 b5 19. Rbc1 Ne8 20. Bxe7 Qxe7 21. Qb1 Qf6 22. a4 Bf5 23. Qb3 bxa4 24. Qxa4 d4 25. exd4 (25. Nxd4 {seems wilder.} Nxd4 26. exd4 Rxd4 27. Rxd4 Qxd4 28. Bxa6 Qd2 29. Qa1) 25... Nxd4 26. Nxd4 (26. Qxa6 $2 Nxf3+ 27. Kh1 Rxd1+ (27... Rxc3 28. Qxf6 Rxd1+ 29. Bxd1 $15) 28. Rxd1 Qxa6 (28... Rxc3 $2 29. Qxf6 Nxf6 30. Bxf3 $19) (28... Qxc3 $2 29. Bxf3 Qxb4 30. Qb7 $19) 29. Bxa6 Rxc3 $19) (26. Rxd4 {feels hotter.} Rxd4 27. Nxd4 Qxd4 28. Bxa6 Qd2 29. Qa1) 26... Rxd4 27. Rxd4 (27. Qxa6 $2 Qxa6 (27... Rxb4 28. Qa3 $11) (27... Rxd1+ $2 28. Rxd1 Qxa6 29. Bxa6 $19) 28. Bxa6 Rxc3 (28... Rxb4 $2 29. Bxc8 Bxc8 30. Nd5 $18) (28... Rxd1+ $2 29. Rxd1 Rxc3 30. Rd5 $19) 29. Rxd4 Rxc1+ $19) (27. Bxa6 Rxc3 28. Qxe8+ Kh7 $11) 27... Qxd4 28. Bxa6 Rxc3 (28... Qd2 $1 $11 {keeps the balance.} 29. Qa3 Ra8) 29. Qxe8+ $16 Kh7 30. Rxc3 Qxc3 {[%emt 0:00:06] [#]} 31. Bf1 $1 ({Of course not} 31. Qxf7 $6 Qc1+ 32. Kh2 (32. Bf1 $2 Bd3 $19) 32... Qf4+ 33. Kg1 Qc1+ 34. Kh2 (34. Bf1 $2 Bd3 $17) 34... Qf4+ 35. Kh1 (35. Kg1 Qc1+ $11) 35... Qc1+ 36. Kh2 $11) 31... Qxb4 32. Qxf7 Qb1 33. Qc4 Qe1 34. Qd4 Qe4 35. Qd2 Qc2 36. Qd6 Qb1 37. h4 h5 38. Qc5 Qc2 39. Qa5 (39. Qxc2 {simplifies} Bxc2 40. Kh2 Kg6 41. Be2) 39... Qb1 40. Qd8 Bg6 41. Qg5 Bf7 42. Qf4 Bg6 43. Qd6 ({White should play} 43. Qc4 $16) 43... Qe4 (43... Bf5 $1 $11 {remains equal.}) 44. Qd8 Qb1 $1 45. f3 Qe1 46. Qd4 Bf5 47. Qc4 Bg6 {[%emt 0:02:09] [#]} 48. Kh2 $1 Qe5+ 49. g3 Qe3 50. Qd5 Qf2+ 51. Bg2 Qe1 52. Qg5 Qe6 53. Qd2 Qf5 54. Qg5 Qe6 $1 (54... Qxg5 55. hxg5 Bf5 56. Bh3) 55. Qd2 Qf5 $1 56. f4 Qc2 57. Qxc2 Bxc2 58. Kg1 g6 59. Kf2 Kg7 60. Ke3 Kf6 61. Kd4 Bd1 62. Kd5 (62. Bd5 $16) 62... Kf5 $1 $11 63. Be4+ Kg4 64. Bxg6 Kxg3 65. Ke5 Kxh4 66. f5 Bc2 67. Bxh5 Bxf5 68. Kxf5 1/2-1/2

[Event "Mitropa Cup Open 2024"]
[Site "Apolda"]
[Date "2024.02.21"]
[Round "7.13"]
[White "Baidetskyi, Valentin"]
[Black "Georgiadis, Nico"]
[Result "0-1"]
[ECO "B90"]
[WhiteElo "2499"]
[BlackElo "2547"]
[Annotator "TA"]
[PlyCount "84"]
[EventDate "2024.02.15"]
[EventType "team-tourn"]
[EventCountry "GER"]
[SourceTitle "playchess.com"]
[Source "ChessBase"]
[SourceQuality "1"]
[WhiteTeam "Austria"]
[BlackTeam "Switzerland"]
[WhiteTeamCountry "AUT"]
[BlackTeamCountry "SUI"]
[TimeControl "40/5400+30:1800+30"]

1. e4 c5 2. Nf3 d6 3. d4 cxd4 4. Nxd4 Nf6 5. Nc3 a6 6. Qd3 Nbd7 7. Be2 e6 8. g4 {[%emt 0:04:03] The position is equal.} h6 9. g5 (9. Qh3 $11) 9... hxg5 10. Bxg5 b5 11. a3 $1 Bb7 12. f4 (12. f3 $15 {is superior.}) 12... Rc8 (12... Nc5 $17 13. Qe3 Qb6 (13... Bxe4 $2 {too greedy.} 14. Bxf6 Qxf6 15. Nxe4 $18) 14. Bxf6 gxf6) 13. Bf3 $11 Qa5 14. Nb3 {[%emt 0:15:36] Inhibits Nc5.} Qb6 15. O-O-O {[%emt 0:14:40] [#] Black keeps a firm grip on the game.} (15. h4 $1 $11 {keeps the balance.}) 15... Rh3 $1 $17 {[%emt 0:00:46][%cal Oc8c3] Strongly threatening ...Rxc3!} 16. Qf1 (16. Bxf6 $17 {was called for.} Nxf6 17. Rde1) 16... Qe3+ $19 17. Nd2 {[%emt 0:01:20] [#]} Rxf3 18. Qxf3 Qxf3 19. Nxf3 Nxe4 20. Rhf1 Nxc3 21. bxc3 Rxc3 22. Rd3 Rc8 23. Re1 {[%emt 0:02:15] Against Be4} g6 24. h4 (24. Nd2 $142) 24... f6 {[%emt 0:04:46][%cal Od7c5] ...Nc5! is the strong threat.} 25. Bxf6 Bxf3 26. Rxf3 Nxf6 27. Rxe6+ Kf7 28. Ree3 Bh6 29. Kb2 Nh5 30. Kb3 Rc5 (30... Bxf4 31. Re4 Rc4 32. Rxc4 bxc4+ 33. Kxc4) 31. Rd3 Ke6 ({Weaker is} 31... Bxf4 32. Rxd6 a5 33. Ra6 $17) 32. Rfe3+ Kd7 33. Re5 Nxf4 34. Rxc5 Nxd3 35. Rd5 Nc5+ 36. Ka2 Kc6 37. Rd1 (37. Rd4 $142 Ne6 38. Re4) 37... Nd7 38. Rf1 a5 {[%emt 0:01:00] Threatens to win with ...a4.} 39. Rf7 a4 {[%emt 0:00:56] Black is clearly winning.} 40. h5 (40. Rf3 $142) 40... gxh5 41. Rh7 Be3 42. Rxh5 Nb6 {[%emt 0:02:09] Weighted Error Value: White=0.57/Black=0.18 (very precise) .  Mistake:       	White=7     	Black=1      Inaccurate:     	White=4     	Black=4      OK:         	White=9     	Black=19     Best:        	White=2     	Black=2      Strong:       	White=1     	Black=1      Brilliant:      	---       	Black=1} 0-1

[Event "Mitropa Cup Open 2024"]
[Site "Apolda"]
[Date "2024.02.21"]
[Round "7.14"]
[White "Bogner, Sebastian"]
[Black "Peyrer, Konstantin"]
[Result "1-0"]
[ECO "D35"]
[WhiteElo "2538"]
[BlackElo "2439"]
[Annotator "TA"]
[PlyCount "121"]
[EventDate "2024.02.15"]
[EventType "team-tourn"]
[EventCountry "GER"]
[SourceTitle "playchess.com"]
[Source "ChessBase"]
[SourceQuality "1"]
[WhiteTeam "Switzerland"]
[BlackTeam "Austria"]
[WhiteTeamCountry "SUI"]
[BlackTeamCountry "AUT"]
[TimeControl "40/5400+30:1800+30"]

1. d4 Nf6 2. c4 e6 3. Nf3 d5 4. Nc3 Nbd7 5. cxd5 exd5 6. Bg5 c6 7. e3 h6 {[%emt 0:00:20] D35: Queen's Gambit Declined: Exchange Variation.} 8. Bh4 g5 9. Bg3 Nh5 10. Be5 Nhf6 11. Bg3 Nh5 {[%emt 0:00:14] 11...Nh5 was played by the boomers.} 12. Bd3 Nxg3 13. hxg3 Bg7 14. Qc2 Qe7 15. O-O O-O 16. Rfe1 Nf6 17. a3 $146 ({Predecessor:} 17. Rab1 Be6 18. Na4 Rae8 19. a3 Bc8 20. b4 Ne4 21. b5 cxb5 22. Bxb5 Rd8 23. Nc5 {½-½ Jimenez Diaz,F (2178)-Rodriguez Perez,R (2161) ESP AEAC W/M/104 email 2023}) 17... Be6 18. b4 a5 19. Rab1 axb4 20. axb4 Nd7 21. e4 dxe4 22. Bxe4 Ra3 (22... Nf6 $11) 23. Bh7+ $14 Kh8 24. Bf5 Bxf5 25. Qxf5 (25. Rxe7 $2 Bxc2 26. Rxd7 g4 $19 (26... Rxc3 $2 27. Re1 $19)) 25... Qd6 (25... Qd8 $11 {remains equal.} 26. Ne4 Nf6) 26. Re3 (26. Ne4 $16 Qd5 27. Qxd5 cxd5 28. Nd6) 26... Qg6 (26... Ra7 $14) 27. Qxd7 $16 Rxc3 $1 28. Ree1 Rc2 29. Rbc1 Rb2 (29... Rxc1 30. Rxc1 Kh7 31. Qxb7 $16) 30. Qxb7 g4 (30... Kg8 $16) 31. Ne5 $18 (31. Rxc6 Qf5 32. Rc5 Qf6 $11) 31... Qf5 32. Rf1 (32. Nxc6 $2 {gets mated.} Qxf2+ 33. Kh2 Qxg2#) 32... Qe4 (32... Bxe5 {is a better defense.} 33. dxe5 Qe4) 33. Nxc6 Bxd4 {[%emt 0:00:25] [#]} 34. Qb5 $1 Rc8 35. Nxd4 Rxc1 36. Rxc1 Qxd4 37. Qf5 Kg7 38. Rc7 Qf6 39. Qxg4+ Qg5 40. Qd4+ Qf6 41. Qxf6+ Kxf6 42. Rc4 Rb1+ (42... h5 $142 43. Rf4+ Kg6) 43. Kh2 $18 Kg6 44. g4 Rb3 45. f3 Rb2 46. Rc6+ Kg7 47. Rb6 Kh7 48. Kg3 Kg7 49. b5 Rb4 50. Rb7 Rb2 51. b6 Kg6 (51... Kf6 $142 52. Kf4 Kg7) 52. Kf4 $18 Rxg2 53. Rc7 Rb2 54. b7 Rb5 55. Ke4 f5+ 56. gxf5+ Kf6 57. Kd4 h5 58. Kc4 Rb1 59. Kc5 Kxf5 60. Kc6 Kf4 61. Rh7 1-0

[Event "Mitropa Cup Open 2024"]
[Site "Apolda"]
[Date "2024.02.21"]
[Round "7.15"]
[White "Morgunov, Marc"]
[Black "Baenziger, Fabian"]
[Result "1/2-1/2"]
[ECO "C07"]
[WhiteElo "2368"]
[BlackElo "2414"]
[Annotator "TA"]
[PlyCount "79"]
[EventDate "2024.02.15"]
[EventType "team-tourn"]
[EventCountry "GER"]
[SourceTitle "playchess.com"]
[Source "ChessBase"]
[SourceQuality "1"]
[WhiteTeam "Austria"]
[BlackTeam "Switzerland"]
[WhiteTeamCountry "AUT"]
[BlackTeamCountry "SUI"]
[TimeControl "40/5400+30:1800+30"]

1. e4 e6 2. d4 d5 3. Nd2 c5 4. Ngf3 cxd4 5. Nxd4 Nf6 6. e5 Nfd7 7. N2f3 Nc6 8. Bf4 Be7 9. Qd2 Nc5 10. Bd3 Qb6 11. O-O Bd7 12. c3 a6 13. Rab1 h6 14. Bc2 Rc8 15. Rfe1 g5 16. Be3 Qc7 17. Nxc6 Bxc6 18. Nd4 Ba4 19. b3 Bd7 20. f4 g4 21. Rbc1 h5 22. f5 Ne4 {[%emt 0:03:22] Prevents Bg5} (22... Qxe5 $2 {loses.} 23. fxe6 Nxe6 24. b4 $18) 23. Bxe4 dxe4 24. fxe6 fxe6 25. Bf4 Ba3 26. Rc2 {[%emt 0:00:12][%cal Og1h1] White is more active.} Bc5 27. Rxe4 Bc6 28. Re1 Qh7 29. Be3 Rd8 30. Qc1 Bxd4 31. Bxd4 (31. cxd4 $16 {aiming for Bg5.} O-O 32. Rc4) 31... h4 $11 32. Rd2 {[%emt 0:07:01] Hoping for Bb6.} h3 33. g3 Qf5 {[%emt 0:07:13] [#] White must now prevent ...Qf3.} 34. Bb6 (34. Rf2 $5 Bf3 $8 35. Rd2 $11) 34... Rxd2 {[%emt 0:00:37] The position is equal.} 35. Qxd2 Qf3 {[%emt 0:02:19] ( -> ...Qh1+)} 36. Qd8+ Kf7 37. Qf6+ Qxf6 38. exf6 Rh5 39. Bd4 Rf5 40. Re5 {[%emt 0:02:39] Weighted Error Value: White=0.09 (flawless) /Black=0.07 (flawless) .  Mistake:       	White=1     	---        Inaccurate:     	White=2     	Black=3      OK:         	White=17    	Black=12     Best:        	White=1     	Black=2} 1/2-1/2